Map: Vaani Research Station (Void)

Players

Troll - Winner!

  • Race: Zerg Zerg
  • League: Diamond
  • Spawn Location: 12:00

Musumeci

  • Race: Zerg Zerg
  • League: Diamond
  • Spawn Location: 6:00

VOD

Have the link to the VOD?

Description

Time

  • Played on: Jan. 19, 2017, 12:50 p.m.
  • Length: 10:53
Show
View Real Time Build Order
Export as new Build Order

Troll Zerg - Winner!

Build Orders: Hatch First 

Get SALT Encoding   

  12  0:01  Drone  
  13  0:15  Overlord  
  13  0:19  Drone  
  14  0:34  Drone x2  
  16  0:37  Drone  
  17  0:55  Hatchery  
  17  0:57  Drone  
  17  1:17  Spawning Pool  
  16  1:24  Drone  
  17  1:45  Extractor  
  16  1:48  Drone  
  16  1:49  Drone x2  
  19  2:00  Overlord  
  19  2:09  Queen  
  19  2:10  Queen  
  19  2:12  Zergling x4  
  25  2:19  Drone  
  25  2:22  Drone  
  27  2:32  Spine Crawler, Zergling x2  
  27  2:41  Zergling x4  
  29  3:03  Metabolic Boost  
  29  3:09  Baneling Nest  
  28  3:12  Overlord  
  28  3:13  Overlord  
  28  3:30  Queen  
  30  3:40  Overlord  
  30  3:41  Overlord  
  30  3:44  Drone x5  
  35  3:53  Baneling  
  35  3:54  Baneling x2  
  35  4:14  Drone x6  
  41  4:19  Drone  
  41  4:20  Drone x2  
  44  4:28  Zergling x2  
  44  4:29  Zergling x2  
  46  4:40  Overlord  
  46  4:42  Drone  
  46  4:43  Drone x2  
  49  4:46  Queen  
  49  4:48  Drone x2  
  49  4:50  Lair, Extractor  
  48  5:08  Zergling x8  
  48  5:14  Zergling x2  
  53  5:15  Hatchery  
  52  5:22  Drone x3  
  52  5:23  Extractor  
  52  5:24  Drone  
  55  5:33  Zergling x4  
  57  5:40  Zergling x2  
  58  5:51  Drone x2  
  58  5:52  Drone x2, Spire  
  60  6:04  Overlord x3  
  60  6:10  Drone x3  
  63  6:18  Zergling x8  
  67  6:29  Zergling x2  
  67  6:30  Zergling x10  
  71  6:35  Overlord  
  71  6:37  Extractor  
  71  6:39  Extractor  
  68  6:46  Zergling x12  
  69  7:05  Mutalisk  
  69  7:06  Mutalisk x6  
  83  7:18  Drone x10  
  93  7:30  Mutalisk x2  
  95  7:47  Drone x11  
  106  7:58  Drone  
  106  8:05  Overlord x2  
  106  8:06  Evolution Chamber, Overlord  
  106  8:07  Evolution Chamber, Roach Warren  
  102  8:14  Overlord x3  
  99  8:23  Drone  
  99  8:25  Overlord  
  99  8:26  Overlord  
  100  8:34  Hatchery  
  98  8:42  Extractor  
  98  8:43  Zerg Ground Armor Level 1, Zerg Missile Weapons Level 1  
  98  8:44  Drone  
  88  8:50  Roach x11  
  108  8:55  Glial Reconstitution  
  108  9:04  Roach  
  108  9:05  Roach x10  
  130  9:12  Overlord  
  130  9:13  Overlord  
  130  9:14  Overlord  
  131  9:24  Drone x6  
  136  9:37  Roach  
  136  9:38  Roach x7  
  152  9:40  Ravager x2  
  152  9:41  Ravager x6  
  160  9:45  Overlord  
  160  9:46  Overlord  
  160  10:06  Roach x12  
  184  10:25  Drone x6, Extractor  
  184  10:27  Extractor  
Show
View Real Time Build Order
Export as new Build Order

Musumeci Zerg 

Build Orders: Pool First 

Get SALT Encoding   

  12  0:01  Drone  
  13  0:08  Drone  
  14  0:15  Drone, Extractor  
  15  0:23  Overlord  
  15  0:34  Extractor  
  15  0:35  Drone, Extractor  
  14  0:41  Drone  
  17  0:52  Spawning Pool, Drone  
  17  0:55  Extractor  
  16  0:59  Drone  
  17  1:26  Extractor  
  17  1:28  Drone x2  
  18  1:38  Hatchery  
  18  1:41  Queen  
  18  1:43  Zergling x2  
  21  2:01  Zergling x2  
  22  2:03  Overlord  
  21  2:09  Zergling x2  
  22  2:25  Metabolic Boost  
  22  2:27  Zergling x4  
  24  2:42  Zergling x2  
  23  3:07  Drone x6  
  23  3:08  Queen, Baneling Nest  
  30  3:15  Evolution Chamber, Zergling x4  
  30  3:30  Zergling x4  
  30  3:31  Zergling x6  
  35  3:37  Roach Warren  
  35  3:41  Zerg Missile Weapons Level 1  
  35  3:44  Drone, Extractor  
  35  3:57  Overlord  
  35  4:15  Drone x8  
  43  4:35  Hatchery  
  42  5:07  Overlord x3  
  42  5:09  Lair  
  42  5:13  Drone x2  
  44  5:15  Extractor  
  43  5:26  Overlord x2  
  43  5:44  Drone x4  
  43  5:45  Drone x4  
  45  5:58  Queen  
  46  6:06  Glial Reconstitution  
  46  6:07  Roach  
  46  6:08  Roach x6  
  62  6:18  Roach  
  62  6:19  Roach x3  
  66  6:31  Roach x5  
  67  6:53  Drone x11  
  67  6:54  Drone  
  79  7:04  Queen  
  81  7:10  Overlord  
  81  7:17  Overlord  
  81  7:27  Queen  
  81  7:28  Ravager  
  86  7:30  Ravager x3  
  86  7:32  Roach  
  89  7:38  Spore Crawler x2  
  89  7:41  Spore Crawler  
  89  7:42  Spore Crawler x2  
  89  7:43  Spore Crawler  
  89  7:44  Spore Crawler x2  
  69  7:46  Spore Crawler  
  48  8:12  Hydralisk Den  
  47  8:14  Roach x9  
  47  8:15  Spore Crawler  
  49  8:43  Drone x2  
  49  8:44  Hatchery, Drone x4  
  52  8:52  Hydralisk  
  52  8:53  Hydralisk x3  
  60  8:56  Drone  
  60  8:58  Drone  
  62  9:05  Roach  
  64  9:14  Spore Crawler  
  63  9:17  Spore Crawler  
  60  9:34  Hydralisk  
  60  9:35  Hydralisk x4  
  70  9:43  Drone  
  70  9:44  Queen, Drone x3  
  76  9:54  Hydralisk  
  76  9:58  Drone  
  79  10:11  Drone x6  
  83  10:38  Drone x5  
  83  10:41  Extractor  
Tags
 
Add a new tag
Caveats
  • Supply blocks, unpowered buildings, or Contaminate may cause inaccurate times.
  • Supply counts are checked every 10 seconds.